Map: Cyber Forest LE

Players

uThermal - Winner!

  • Race: Terran Terran
  • Spawn Location: 11:00

Rex

  • Race: Zerg Zerg
  • Spawn Location: 5:00

Event: 2019 WCS Spring

VOD

Have the link to the VOD?

Description

Time

  • Played on: May 17, 2019, 2:33 p.m.
  • Length: 6:40

All games in this series

Show
View Real Time Build Order
Export as new Build Order

uThermal Terran - Winner!

Build Orders: Reaper Expand 

Get SALT Encoding   

  12  0:01  SCV  
  13  0:13  SCV  
  14  0:16  Supply Depot  
  14  0:25  SCV  
  15  0:38  SCV  
  15  0:39  Barracks  
  16  0:43  Refinery  
  16  0:50  SCV  
  17  1:02  SCV  
  18  1:14  SCV  
  19  1:26  Reaper  
  19  1:27  Orbital Command  
  20  1:40  Command Center  
  20  1:51  Barracks  
  20  1:54  SCV  
  20  1:59  Barracks Reactor  
  21  2:06  SCV  
  22  2:09  Supply Depot  
  22  2:18  SCV  
  22  2:20  Refinery  
  23  2:31  SCV  
  24  2:37  Factory, Marine x2  
  24  2:41  Barracks Tech Lab  
  24  2:43  SCV  
  26  2:51  Orbital Command  
  26  2:55  SCV  
  26  2:56  Marine  
  26  2:57  Marine  
  29  3:00  Marine  
  30  3:07  SCV  
  30  3:10  Stimpack  
  31  3:15  Marine x2  
  31  3:18  Marine  
  31  3:19  SCV  
  35  3:21  SCV  
  36  3:27  Orbital Command  
  36  3:29  Starport  
  36  3:31  Factory Reactor  
  36  3:33  SCV  
  37  3:35  SCV  
  37  3:36  Marine  
  37  3:38  Marine  
  37  3:40  Marine  
  41  3:44  Supply Depot  
  41  3:47  SCV  
  42  3:54  SCV  
  42  3:55  Marine  
  44  3:56  Marine  
  44  3:59  SCV  
  46  4:06  SCV, Marine  
  46  4:08  Supply Depot  
  48  4:11  SCV  
  48  4:15  Medivac  
  48  4:16  Medivac  
  52  4:17  Marine x2  
  54  4:27  Supply Depot  
  54  4:30  SCV, Marine  
  54  4:31  SCV, Engineering Bay  
  57  4:33  Widow Mine  
  57  4:36  Marine x2  
  61  4:42  SCV  
  61  4:43  Supply Depot  
  62  4:49  SCV, Medivac, Marine  
  62  4:52  Medivac  
  68  4:53  Marine  
  68  4:54  SCV  
  70  5:01  Supply Depot  
  70  5:04  SCV, Marine  
  70  5:05  Hellion  
  70  5:06  SCV  
  75  5:11  Marine  
  75  5:12  Marine  
  77  5:15  Supply Depot  
  77  5:16  SCV  
  78  5:22  SCV, Marine  
  80  5:28  SCV  
  80  5:29  Marine  
  80  5:34  SCV  
  81  5:37  Marine  
  82  5:43  Marine  
  82  5:45  Hellion  
  82  5:46  Medivac  
  82  5:47  Marine  
  86  5:54  Medivac  
  86  5:55  Marine  
  82  5:59  SCV  
  82  6:01  Marine  
  84  6:05  Refinery, Marine  
  84  6:06  SCV, Command Center  
  84  6:07  Refinery  
  84  6:08  Supply Depot  
  84  6:09  Factory Tech Lab  
  86  6:13  Marine  
  86  6:17  SCV  
  88  6:18  SCV  
  88  6:19  Supply Depot, Marine  
  88  6:25  Supply Depot  
Show
View Real Time Build Order
Export as new Build Order

Rex Zerg 

Build Orders: Hatch First 

Get SALT Encoding   

  12  0:00  Drone  
  13  0:13  Overlord  
  13  0:18  Drone  
  14  0:31  Drone  
  14  0:33  Drone  
  16  0:49  Hatchery  
  15  0:52  Drone  
  15  0:56  Drone  
  17  0:59  Drone  
  18  1:11  Extractor  
  17  1:14  Spawning Pool  
  17  1:18  Drone  
  17  1:23  Drone  
  18  1:28  Drone  
  19  1:39  Drone  
  20  1:50  Overlord  
  20  2:01  Queen x2  
  22  2:02  Zergling x4  
  26  2:23  Hatchery  
  26  2:28  Spore Crawler  
  23  2:35  Drone x2  
  26  2:41  Metabolic Boost, Drone  
  26  2:42  Drone  
  28  2:50  Queen  
  30  2:56  Drone x2  
  32  3:01  Overlord  
  32  3:12  Drone x4  
  36  3:20  Drone x3  
  36  3:22  Drone  
  40  3:29  Queen  
  40  3:30  Drone  
  43  3:36  Overlord  
  43  3:38  Drone  
  44  3:42  Queen  
  44  3:48  Drone  
  47  3:55  Drone x3  
  50  4:00  Zergling x4  
  50  4:01  Zergling x4  
  54  4:04  Lair  
  54  4:12  Drone x4  
  58  4:17  Overlord  
  58  4:20  Overlord  
  58  4:25  Overlord  
  58  4:27  Overlord  
  58  4:34  Queen  
  58  4:36  Baneling Nest  
  58  4:37  Drone x5  
  64  4:41  Drone x2  
  64  4:45  Drone x3  
  68  4:48  Drone  
  68  4:51  Drone x2  
  68  4:52  Drone x2  
  73  4:55  Drone x2  
  73  4:56  Drone  
  73  4:58  Extractor  
  73  4:59  Evolution Chamber  
  74  5:01  Extractor, Drone  
  74  5:09  Drone x2  
  74  5:10  Overlord, Extractor  
  74  5:11  Extractor  
  74  5:14  Zergling x2  
  74  5:15  Zergling x6  
  74  5:17  Zergling x2  
  77  5:23  Zergling x2  
  77  5:26  Zergling x2  
  77  5:27  Zergling x6  
  77  5:32  Zergling x6  
  77  5:35  Zergling x2  
  72  5:36  Zergling x4  
  72  5:39  Zergling x2  
  67  5:43  Zergling x6  
  67  5:49  Zergling x4  
  53  5:57  Drone x3  
  53  6:03  Drone x3  
  60  6:04  Drone  
  60  6:09  Drone  
  60  6:10  Drone  
  62  6:15  Baneling x2  
  62  6:16  Zergling x6  
  65  6:21  Overlord  
  65  6:22  Overlord  
Tags
 
Add a new tag
Caveats
  • Supply blocks, unpowered buildings, or Contaminate may cause inaccurate times.
  • Supply counts are checked every 10 seconds.